 Dungeon Crawl Stone Soup version 0.21-a0-529-g8c7b3f5 (webtiles) character file.

44 slep the Chopper (level 3, 0/18 HPs)
             Began as a Vine Stalker Gladiator on Dec 10, 2017.
             Was an Initiate of Okawaru.
             Slain by an adder (2 damage)
             ... on level 2 of the Dungeon.
             The game lasted 00:02:39 (935 turns).

slep the Chopper (Vine Stalker Gladiator)            Turns: 935, Time: 00:02:40

Health: 0/18       AC:  4    Str: 16    XL:     3   Next: 60%
Magic:  0/4        EV: 13    Int:  8    God:    Okawaru [......]
Gold:   105        SH:  0    Dex: 13    Spells: 2/2 levels left

rFire    . . .     SeeInvis .   a - +0 war axe
rCold    . . .     Gourm    .   (no shield)
rNeg     . . .     Faith    .   b - +0 leather armour
rPois    .         Spirit   +   c - +0 helmet
rElec    .         Reflect  .   (no cloak)
rCorr    .         Harm     .   (no gloves)
MR       .....                  (no boots)
Stlth    +.........             (no amulet)
HPRegen  0.06/turn              m - -3 ring of dexterity (curse)
MPRegen  0.09/turn              (no ring)

@: lethally poisoned (0 -> -7)
A: fangs 2, magic shield, antimagic bite, no potion heal 3, rot immunity
a: Renounce Religion


You were on level 2 of the Dungeon.
You worshipped Okawaru.
Okawaru was noncommittal.
You were not hungry.

You visited 1 branch of the dungeon, and saw 2 of its levels.

You collected 105 gold pieces.

Inventory:

Hand Weapons
 a - a +0 war axe (weapon)
Missiles
 d - 3 throwing nets (quivered)
Armour
 b - a +0 leather armour (worn)
 c - a +0 helmet (worn)
Jewellery
 m - a cursed -3 ring of dexterity (left hand)
Scrolls
 h - a scroll of amnesia {unknown}
 j - a scroll of teleportation {unknown}
 l - a scroll of random uselessness {unknown}
 n - a scroll of enchant weapon {unknown}
 p - a scroll of identify {unknown}
 t - a scroll of blinking {unknown}
Potions
 e - a potion of flight {unknown}
 i - a potion of curing {unknown}
 k - a potion of mutation {unknown}
 o - a potion of lignification {unknown}
Comestibles
 f - 4 bread rations
 g - 2 fruits
 q - a royal jelly
 r - a chunk of flesh
 s - a meat ration


   Skills:
 + Level 2.0 Fighting
 + Level 3.2 Axes
 + Level 2.0 Throwing
 + Level 0.1 Armour
 + Level 3.0 Dodging


You had 2 spell levels left.
You didn't know any spells.

Dungeon Overview and Level Annotations

Branches:
Dungeon (2/15)

Altars:
Okawaru


Innate Abilities, Weirdness & Mutations

You have extremely sharp teeth.
When hurt, damage is shared between your health and your magic reserves.
Your bite disrupts and absorbs the magic of your enemies.
Potions cannot restore your health.
You are immune to rotting.


Message History

An adder is nearby!
The adder hisses angrily.
The adder bites you.
You are poisoned.
The adder poisons you!
You closely miss the adder. Your bite misses the adder.
You feel sick. The adder barely misses you. The adder bites you.
You are lethally poisoned!
The adder poisons you!
You barely miss the adder. Your bite misses the adder.
* * * LOW HITPOINT WARNING * * *
You feel sick. The adder barely misses you.
You miss the adder. Your bite misses the adder.
The adder bites you but does no damage. The adder closely misses you.
You closely miss the adder. Your bite misses the adder.
* * * LOW HITPOINT WARNING * * *
You feel sick. The adder bites you.
* * * LOW HITPOINT WARNING * * *
The adder bites you.
You die...

................#
.................
..................
..................
..................
..................
♣........>........
..................
♣.......@.........
#+##+#†S......(..
#.......[..... #.##
##............ #.#..
##..###....### #....#
##...## ....#
#...<#####.....##$...#
##...............#
...#
....#.♣.♣.#.###..#


You could see an adder.

Vanquished Creatures
  An ooze (D:1)
  A dart slug (D:1)
  2 leopard geckos
  A ball python (D:2)
  2 giant cockroaches (D:1)
  5 goblins
  A hobgoblin (D:1)
  4 jackals (D:1)
  4 kobolds
  7 bats
  2 frilled lizards
  3 rats
33 creatures vanquished.

Vanquished Creatures (others)
  4 toadstools (D:1)
4 creatures vanquished.

Grand Total: 37 creatures vanquished

Notes
Turn   | Place    | Note
-------+----------+-------------------------------------------
     0 | D:1      | slep the Vine Stalker Gladiator began the quest for the Orb.
     0 | D:1      | Reached XP level 1. HP: 11/11 MP: 2/2
   126 | D:1      | Reached XP level 2. HP: 12/15 MP: 3/3
   351 | D:1      | Reached XP level 3. HP: 18/18 MP: 4/4
   881 | D:2      | Found an iron altar of Okawaru.
   892 | D:2      | Became a worshipper of Warmaster Okawaru
   935 | D:2      | Slain by an adder

Vault maps used:
D:1:      ldierk_water_garden
D:2:      okawaru_trees_1, serial_forest, infiniplex_forest_lined_4_way,
          infiniplex_forest_lined_1, infiniplex_forest_clump_diagonal,
          infiniplex_forest_lined_room_2, infiniplex_forest_lined_4_way,
          infiniplex_forest_straight_2, infiniplex_forest_clump_tiny,
          minmay_shallow_snake_nest, uniq_sigmund

Skill      XL: |  1  2  3 |
---------------+----------+-----
Axes           | 3 |  3.2
Throwing       | 2 |  2.0
Fighting       | 2 |  2.0
Dodging        | 3 |  3.0
Armour         | |  0.1

Action                   || total
-------------------------++-------
Melee: War axe           ||    69
       Bite              ||    12
Armor: Leather armour    ||    24
Dodge: Dodged            ||    54

Table legend:
 A = Spawn XP
 B = Non-spawn XP
 C = Spawn XP percentage of total XP
 D = Spawn monster count
 E = Non-spawn monster count
 F = Spawn count percentage of total count
 G = Total turns spent on level
                    A         B        C        D         E        F      G
               +---------+---------+-------+---------+---------+-------+---------
         Total |       0 |      63 |   0.0 |       0 |      33 |   0.0 |   935
               +---------+---------+-------+---------+---------+-------+---------
           D:1 |       0 |      50 |   0.0 |       0 |      25 |   0.0 |   872
           D:2 |       0 |      13 |   0.0 |       0 |       8 |   0.0 |    63
               +---------+---------+-------+---------+---------+-------+---------
